 Dungeon Sprint DCSS version 0.21.1-1-g345015f (webtiles) character file.

1807 equalderp2856 the Cleaver (level 8, -2/82 (83) HPs)
             Began as a Minotaur Fighter on May 25, 2018.
             Was an Initiate of Gozag.
             Shot with an arrow by a deep elf master archer (15 damage)
             ... in the Dungeon (Sprint II: "The Violet Keep of Menkaure").
             The game lasted 00:05:18 (2091 turns).

equalderp2856 the Cleaver (Minotaur Fighter)        Turns: 2091, Time: 00:05:20

HP:   -2/82 (83)    AC: 20    Str: 21    XL:     8   Next: 84%
MP:   7/7           EV:  8    Int:  5    God:    Gozag
Gold: 1953          SH: 12    Dex: 12    Spells: 7/7 levels left

rFire    . . .     SeeInvis .   a - +0 war axe
rCold    . . .     Gourm    .   c - +0 shield
rNeg     . . .     Faith    .   x - +0 plate armour
rPois    .         Spirit   .   (helmet restricted)
rElec    .         Reflect  .   w - +0 cloak
rCorr    .         Harm     .   p - +2 pair of gloves
MR       .....     NoTele   +   (no boots)
Stlth    ..........             (no amulet)
HPRegen  0.23/turn              (no ring)
MPRegen  0.10/turn              (no ring)

@: lethally poisoned (-2 -> -38), slowed, very slow
A: retaliatory headbutt, horns 2
a: Potion Petition, Call Merchant, Bribe Branch, Renounce Religion


You were in the Dungeon.
You worshipped Gozag.
Gozag was most pleased with you.
You were not hungry.

You visited 1 branch You collected 1953 gold pieces.

Inventory:

Hand Weapons
 a - a +0 war axe (weapon)
Armour
 b - a +0 scale mail
 c - a +0 shield (worn)
 p - a +2 pair of gloves (worn)
 w - a +0 cloak (worn)
 x - a +0 plate armour (worn)
Jewellery
 g - a +3 ring of strength {unknown}
 q - a +3 ring of strength {unknown}
 s - an uncursed ring of poison resistance {unknown}
 t - an uncursed amulet of the gourmand {unknown}
Scrolls
 j - 6 scrolls of enchant armour {unknown}
 k - a scroll of blinking
 m - 4 scrolls of identify {unknown}
 n - 3 scrolls of remove curse {unknown}
 o - a scroll of fear {unknown}
 v - 2 scrolls of immolation {unknown}
 y - a scroll of amnesia {unknown}
 B - a scroll of enchant weapon {unknown}
Potions
 d - a potion of might
 e - 5 potions of curing
 h - a potion of haste
 i - 5 potions of magic
 l - a potion of heal wounds
 r - a potion of agility {unknown}
 u - 3 potions of resistance {unknown}
 z - a potion of brilliance {unknown}
 A - 3 potions of flight {unknown}
Comestibles
 f - a ration


   Skills:
 + Level 11.7 Fighting
 + Level 12.3 Axes
 + Level 11.9 Armour
 + Level 3.6 Dodging
 + Level 1.3 Stealth
 + Level 11.7 Shields


You had 7 spell levels left.
You didn't know any spells.

Dungeon Overview and Level Annotations

Branches:
Dungeon (1/1)

Altars:
Cheibriados
Dithmenos
Elyvilon
Fedhas
Gozag
Hepliaklqana
Kikubaaqudgha
Makhleb
Nemelex Xobeh
Okawaru
Qazlal
Ru
Sif Muna
Trog
Uskayaw
Vehumet
Wu Jian
Xom
Yredelemnul
Zin
The Shining One
Beogh
Jiyva
Lugonu

Annotations:
D exclusion: ice statue


Innate Abilities, Weirdness & Mutations

You reflexively headbutt those who attack you in melee.
You have a pair of horns on your head.


Message History

The death drake is lightly wounded.
You are engulfed in dark miasma.
You are poisoned.
You feel as though you will be slow longer.
You feel very sick.
The death drake bites you but does no damage.
A deep elf master archer comes into view.
You are engulfed in dark miasma.
You are lethally poisoned!
You feel your flesh rotting away!
You feel as though you will be slow longer.
* * * LOW HITPOINT WARNING * * *
x2 You feel very sick.
The deep elf master archer shouts!
The death drake struggles against the net.
The deep elf master archer wields a longbow.
The deep elf master archer shoots an arrow.
The arrow hits you!
You die...
Your body crumbles into a pile of gold.

$ ####+#### $ $ $ $ ▓▓▓ $
##≈≈≈≈§§≈## $ ..▓$
#≈≈§≈§§§≈≈## $ $ ▓▓+▓▓▓▓.▓$ $
§≈≈≈§8§§≈≈≈##++# +§§.▓0..▓ $$
≈§≈≈≈§≈≈≈##§§..###
#.§.▓▓▓▓▓▓▓▓▓ §§≈≈≈ e≈§....#
#...▓≈§§≈≈≈≈§ ≈#+++#+++##
#.§..# ##§§▓▓▓▓▓▓▓▓▓
≈....†....# +..@§#
k#})▓(....... ≈≈.##'##..#$
####k# 8#}}▓[).....(
≈≈##.#.##.####
$+§##k#§[▓(.[(((.) ≈
#..#..#....# #k8§####▓()...[.[
###.#####..## ##§§#
.#▓..).([[. #'###.##..# +..#
.#▓..))...( ##.##...#..#$ #^.#
.#▓......)[ $
+.<.'##.'.§####..##.#▓...((..(
##.##.###....###...##▓▓▓▓▓▓▓'▓


You could see 2 death drakes, a deep elf master archer and a crystal guardian.

Vanquished Creatures
  A yaktaur (D)
  A hornet (D)
  3 polar bears (D)
  2 hippogriffs (D)
  4 crocodiles (D)
  4 worker ants (D)
  3 worms (D)
18 creatures vanquished.

Vanquished Creatures (others)
  Menkaure (D)
  A crocodile (D)
  20 tentacles (D)
22 creatures vanquished.

Grand Total: 40 creatures vanquished

Notes
Turn   | Place    | Note
-------+----------+-------------------------------------------
     0 | D        | equalderp2856 the Minotaur Fighter began the quest for the Orb.
     0 | D        | Reached XP level 1. HP: 19/19 MP: 0/0
     1 | D        | Noticed a worker ant
     1 | D        | Noticed a worker ant
     7 | D        | Killed a worker ant
     7 | D        | Reached skill level 5 in Fighting
     7 | D        | Reached skill level 3 in Axes
     7 | D        | Reached skill level 5 in Armour
     7 | D        | Reached skill level 5 in Shields
     7 | D        | Reached XP level 2. HP: 29/29 MP: 1/1
     7 | D        | Killed a crocodile
    10 | D        | Reached XP level 3. HP: 26/37 MP: 2/2
   167 | D        | Killed Menkaure
   228 | D        | Reached skill level 4 in Axes
   228 | D        | Reached XP level 4. HP: 38/44 MP: 3/3
   401 | D        | Noticed an ice statue
   403 | D        | Noticed a crocodile
   410 | D        | Killed a crocodile
   410 | D        | Reached skill level 5 in Axes
   410 | D        | Reached XP level 5. HP: 35/53 MP: 4/4
   552 | D        | Noticed a hippogriff
   552 | D        | Noticed a hippogriff
   562 | D        | Killed a hippogriff
   562 | D        | Reached skill level 7 in Axes
   562 | D        | Reached XP level 6. HP: 22/63 MP: 5/5
   566 | D        | Killed a hippogriff
   566 | D        | Reached skill level 8 in Axes
   566 | D        | Reached skill level 10 in Armour
   566 | D        | Reached skill level 1 in Dodging
   566 | D        | Reached XP level 7. HP: 24/71 MP: 6/6
   805 | D        | Found a glowing silver altar of Zin.
   806 | D        | Found a glowing golden altar of the Shining One.
   806 | D        | Found a basalt altar of Yredelemnul.
   806 | D        | Found a hide-covered altar of Uskayaw.
   807 | D        | Found a shimmering altar of Xom.
   807 | D        | Found a bloodstained altar of Trog.
   808 | D        | Found an ornate altar of the Wu Jian Council.
   808 | D        | Found a deep blue altar of Sif Muna.
   808 | D        | Found a corrupted altar of Lugonu.
   808 | D        | Found a radiant altar of Vehumet.
   808 | D        | Found a burning altar of Makhleb.
   809 | D        | Found a sacrificial altar of Ru.
   809 | D        | Found an ancient bone altar of Kikubaaqudgha.
   809 | D        | Found a white marble altar of Elyvilon.
   810 | D        | Found a stormy altar of Qazlal.
   810 | D        | Found a viscous altar of Jiyva.
   810 | D        | Found a shadowy altar of Dithmenos.
   811 | D        | Found a hazy altar of Hepliaklqana.
   811 | D        | Found a snail-covered altar of Cheibriados.
   813 | D        | Found a roughly hewn altar of Beogh.
   813 | D        | Found a sparkling altar of Nemelex Xobeh.
   813 | D        | Found a blossoming altar of Fedhas.
   813 | D        | Noticed a hornet
   813 | D        | Noticed a polar bear
   814 | D        | Noticed a polar bear
   814 | D        | Found an iron altar of Okawaru.
   814 | D        | Found an opulent altar of Gozag.
   814 | D        | Noticed a yaktaur
   816 | D        | Noticed a polar bear
   819 | D        | Noticed a flying skull
   820 | D        | Noticed a flying skull
   820 | D        | Noticed a flying skull
   820 | D        | Noticed a flying skull
   821 | D        | Noticed a flying skull
   823 | D        | Became a worshipper of Gozag Ym Sagoz the Greedy
   829 | D        | Noticed a flying skull
   830 | D        | Noticed a flying skull
   852 | D        | Noticed a flying skull
   856 | D        | Killed a yaktaur
   856 | D        | Reached skill level 10 in Fighting
   856 | D        | Reached skill level 10 in Axes
   856 | D        | Reached skill level 10 in Shields
   859 | D        | Killed a hornet
   864 | D        | Noticed a flying skull
   865 | D        | Noticed a flying skull
   866 | D        | Killed a polar bear
   866 | D        | Reached skill level 11 in Axes
   866 | D        | Reached XP level 8. HP: 70/82 MP: 7/7
   867 | D        | Noticed a flying skull
   867 | D        | Noticed a flying skull
   870 | D        | Killed a polar bear
   873 | D        | Noticed a flying skull
   873 | D        | Killed a polar bear
   873 | D        | Reached skill level 12 in Axes
   873 | D        | Reached skill level 1 in Stealth
   874 | D        | Noticed a flying skull
  1075 | D        | Noticed a kraken
  2079 | D        | Noticed a death drake
  2081 | D        | Noticed a death drake
  2082 | D        | Noticed a crystal guardian
  2091 | D        | Noticed a deep elf master archer
  2091 | D        | Shot with an arrow by a deep elf master archer

Skill      XL: |  1  2  3  4  5  6  7  8 |
---------------+-------------------------+-----
Fighting       | 5 6 7 9 11 | 11.7
Axes           | 3 4 5 7 8 11 12 | 12.3
Armour         | 5 6 7 9 10 11 | 11.9
Shields        | 5 6 7 8 9 10 11 | 11.7
Dodging        | 1 2 3 |  3.6
Stealth        | 1 |  1.3

Action                   |  1- 3 |  4- 6 |  7- 9 || total
-------------------------+-------+-------+-------++-------
Melee: War axe           |    14 |    28 |    38 ||    80
       Headbutt          |     1 |     8 |     8 ||    17
Invok: Potion Petition   |       |       |     1 ||     1
  Use: Potion            |       |       |     4 ||     4
 Stab: Distracted        |       |       |     1 ||     1
  Eat: Ration            |       |       |     1 ||     1
Armor: Scale mail        |     4 |    10 |    11 ||    25
       Plate armour      |       |       |     7 ||     7
Dodge: Dodged            |     4 |    11 |    34 ||    49
Block: Shield            |     8 |    23 |    44 ||    75
